 Dungeon Crawl Stone Soup version 0.31.0-12-g77e489cdc1 (webtiles) character file.

Game seed: 6091348095472710909

30 Gadfly the Sneak (level 3, -1/17 HPs)
             Began as a Spriggan Enchanter on Feb 18, 2024.
             Slain by a hobgoblin (4 damage)
             ... on level 1 of the Dungeon.
             The game lasted 00:01:19 (874 turns).

Gadfly the Sneak (Spriggan Enchanter)                Turns: 874, Time: 00:01:20

Health: -1/17      AC:  2    Str:  4    XL:     3   Next: 5%
Magic:  8/8        EV: 17    Int: 16    God:
Gold:   91         SH:  0    Dex: 17    Spells: 5/7 levels left

rFire   . . .        a - +1 dagger
rCold   . . .        (no shield)
rNeg    . . .        b - +0 robe
rPois   .            (helmet restricted)
rElec   .            (no cloak)
rCorr   .            (gloves unavailable)
SInv    +            (boots unavailable)
Will    .....        (no amulet)
Stlth   +++          (no ring)
HPRegen 0.22/turn    (no ring)
MPRegen 0.11/turn

%: no passive effects
@: invisible, very quick
A: very small, no large weapons, unfitting armour, see invisible, speed 3
a: no special abilities


You were on level 1 of the Dungeon.
You visited 1 branch of the dungeon, and saw 2 of its levels.

You collected 91 gold pieces.

Inventory:

Hand Weapons
 a - a +1 dagger (weapon)
Armour
 b - a +0 robe (worn)
Potions
 c - a potion of invisibility


   Skills:
 + Level 0.8 Fighting
 + Level 1.6 Short Blades
 + Level 2.9 Dodging
 + Level 4.7 Stealth
 + Level 2.9 Spellcasting
 + Level 3.8 Hexes
 + Level 1.2 Evocations


You had 5 spell levels left.
You knew the following spells:

 Your Spells              Type           Power      Damage    Failure   Level
a - Ensorcelled Hibernat  Hex/Ice        16%        N/A       13%         2

Your spell library contained the following spells:

 Spells                   Type           Power      Damage    Failure   Level
 Confusing Touch          Hex            14%        N/A       12%         3
 Tukima's Dance           Hex            14%        N/A       12%         3
 Dazzling Flash           Conj/Hex       16%        N/A       26%         3


Dungeon Overview and Level Annotations

Branches:
Dungeon (2/15)

Altars:


Innate Abilities, Weirdness & Mutations

You are very small and have problems with some larger weapons.
You are too small for most types of armour.
You have supernaturally acute eyesight. (SInv)
You cover ground extremely quickly. (Speed+++)


Message History

* * * LOW HITPOINT WARNING * * *
You hit the jackal.
The jackal is moderately wounded.
The jackal closely misses you. The jackal misses you. The hobgoblin misses you.
The jackal completely misses you.
You barely miss the jackal.
The jackal is lightly wounded.
The jackal misses you. x2; The jackal bites you.
* * * LOW HITPOINT WARNING * * *
The hobgoblin barely misses you.
You fade into invisibility!
You feel your willpower return. The jackal misses you.
The jackal completely misses you. The hobgoblin closely misses you.
You hit the jackal.
The jackal is heavily wounded.
The jackal closely misses you. The hobgoblin misses you.
You see here a jackal corpse.
The jackal barks!
The jackal misses you.
You hit the jackal but do no damage.
The jackal is heavily wounded.
The jackal completely misses you. The jackal closely misses you.
You hit the jackal but do no damage.
The jackal is heavily wounded.
The jackal bites you but does no damage.
The jackal completely misses you. The jackal closely misses you.
You catch the helpless jackal completely off-guard!
You puncture the jackal!
You kill the jackal!
The jackal closely misses you. The jackal barely misses you.
You have reached level 3!
Your experience leads to an increase in your attributes!
Increase (S)trength, (I)ntelligence, or (D)exterity?
You feel agile. x2
You hit the jackal but do no damage. The jackal completely misses you.
You catch the helpless jackal completely off-guard!
You puncture the jackal!
You kill the jackal!
You closely miss the hobgoblin. The hobgoblin hits you.
You die...

........#...........#.#
#..####.######..##..#.#
#..####.# #..#...#.#
#....##.#### #..#.#.#.#
#.##.##.##.###..#.#.#.#
#.......†...##.......†#
###..#.#.....####.#####
###..#........###.#
###....#.....†>g@†#
###.#####...#######
###.#####..##
###.......##
###########


You could see a hobgoblin (unable to see you).

Vanquished Creatures
  3 ball pythons
  A bat (D:2)
  3 endoplasms
  3 hobgoblins
  9 jackals
  A quokka (D:1)
  4 frilled lizards
  A rat (D:2)
25 creatures vanquished.

Notes
Turn   | Place    | Note
-------+----------+-------------------------------------------
     0 | D:1      | Gadfly the Spriggan Enchanter began the quest for the Orb.
     0 | D:1      | Reached XP level 1. HP: 9/9 MP: 5/5
   301 | D:1      | You fall into a shaft and drop 1 floor!
   357 | D:2      | Reached XP level 2. HP: 5/13 MP: 6/6
   360 | D:2      | Learned a level 2 spell: Ensorcelled Hibernation
   602 | D:1      | Reached skill level 1 in Evocations
   872 | D:1      | Reached XP level 3. HP: 3/17 MP: 8/8
   874 | D:1      | Slain by a hobgoblin

Illustrated notes

Levels and vault maps discovered:
D:1:      heliophobic_arrival_battle_scene, layout_loops_cross
D:2:      layout_rooms, ebering_ecumenical_altar_hall, uniq_jessica,
          uniq_sigmund

Skill      XL: |  1  2 |
---------------+-------+-----
Evocations     | 1 |  1.2
Fighting       | |  0.8
Short Blades   | |  1.6
Dodging        | |  2.9
Stealth        | |  4.7
Spellcasting   | |  2.9
Hexes          | |  3.8

Action                     || total
---------------------------++-------
  Melee: Dagger            ||    68
         Punch             ||     1
   Cast: Ensorcelled Hiber ||     2
    Use: Scroll            ||     3
         Potion            ||     3
   Stab: Sleeping          ||    12
         Invisible         ||     2
         Distracted        ||     1
 Armour: Robe              ||    21
  Dodge: Dodged            ||    80
